 Dungeon Crawl Stone Soup version 0.28-a0-2-g643f2454ad (webtiles) character file.

Game seed: 10753775354811571622

130 Demosthentine the Poker (level 5, -5/41 HPs)
             Began as a Merfolk Gladiator on July 22, 2021.
             Slain by a gnoll sergeant (8 damage)
             ... on level 4 of the Dungeon.
             The game lasted 00:01:40 (2606 turns).

Demosthentine the Poker (Merfolk Gladiator)         Turns: 2606, Time: 00:01:42

Health: -5/41      AC:  4    Str: 15    XL:     5   Next: 14%
Magic:  5/5        EV: 14    Int:  8    God:
Gold:   106        SH:  0    Dex: 15    Spells: 4/4 levels left

rFire   . . .      SeeInvis .   a - +0 trident
rCold   . . .      Faith    .   (no shield)
rNeg    . . .      Spirit   .   b - +0 leather armour
rPois   .          Reflect  .   c - +0 helmet
rElec   .          Harm     .   (no cloak)
rCorr   .          Rampage  .   (no gloves)
Will    .....                   (no boots)
Stlth   +.........              (no amulet)
HPRegen 0.13/turn               (no ring)
MPRegen 0.09/turn               (no ring)

@: lethally poisoned (-5 -> -30)
A: (nimble swimmer 2), mertail
a: no special abilities


You were on level 4 of the Dungeon.
You visited 1 branch of the dungeon, and saw 5 of its levels.

You collected 106 gold pieces.

Inventory:

Hand Weapons
 a - a +0 trident (weapon)
Missiles
 d - 3 throwing nets (quivered)
Armour
 b - a +0 leather armour (worn)
 c - a +0 helmet (worn)
 i - a +0 buckler
Scrolls
 g - a scroll of identify
Potions
 e - a potion of mutation
 f - a potion of heal wounds
 h - a potion of cancellation


   Skills:
 + Level 3.2 Fighting
 + Level 5.4 Polearms
 - Level 2.0 Throwing
 + Level 1.4 Armour
 + Level 5.1 Dodging
 + Level 0.8 Shields


You had 4 spell levels left.
You didn't know any spells.
Your spell library contained the following spells:

 Spells                   Type           Power      Damage    Failure   Level
 Apportation              Tloc           0%         N/A       47%         1
 Alistair's Intoxication  Tmut/Pois      0%         N/A       100%        5
 Invisibility             Hex            0%         N/A       100%        6


Dungeon Overview and Level Annotations

Branches:
Dungeon (5/15)
 Temple: D:4-7

Altars:
Hepliaklqana
Uskayaw

Annotations:
D:3 2 transporters, Natasha


Innate Abilities, Weirdness & Mutations

((You are quick and stealthy near water. (Stealth+, EV+, Speed+++)))
Your lower body shifts to a powerful aquatic tail in water.


Message History

The gnoll sergeant is lightly wounded.
The gnoll sergeant hits you but does no damage.
You are poisoned.
The gnoll closely misses you.
The gnoll sergeant hits you but does no damage.
The gnoll sergeant blocks your attack.
The gnoll sergeant is lightly wounded.
You feel very sick. The gnoll misses you.
The gnoll sergeant hits you with a +0 spear of venom.
You are more poisoned.
You hit the gnoll sergeant but do no damage.
The gnoll sergeant is lightly wounded.
You feel very sick. The gnoll closely misses you.
The gnoll sergeant hits you with a +0 spear of venom!
You hit the gnoll sergeant.
The gnoll sergeant is moderately wounded.
You feel very sick. The gnoll completely misses you.
The gnoll sergeant hits you with a +0 spear of venom!
* * * LOW HITPOINT WARNING * * *
You are more poisoned.
It was a potion of heal wounds.
You feel much better.
You feel very sick. The gnoll barely misses you.
The gnoll sergeant hits you with a +0 spear of venom.
You are more poisoned.
It was a potion of cancellation.
You feel magically purged.
You feel extremely sick. The gnoll misses you. The gnoll sergeant misses you.
Okay, then.
The gnoll sergeant blocks your attack.
The gnoll sergeant is moderately wounded.
* * * LOW HITPOINT WARNING * * *
You feel very sick. The gnoll hits you with a +0 flail.
* * * LOW HITPOINT WARNING * * *
The gnoll sergeant hits you with a +0 spear of venom!
You die...

.....# ..
......# #.
.......###.#
........#..
........#.
.........#
.......gg#
.......@#
.....>..#
.......##
...$..#
.....# #####


You could see a gnoll sergeant and a gnoll.

Vanquished Creatures
  4 gnolls (D:2)
  An adder (D:2)
  A worm (D:2)
  3 dart slugs
  An orc (D:3)
  4 bats
  9 endoplasms
  3 giant cockroaches
  3 goblins
  5 hobgoblins
  7 jackals (D:1)
  6 kobolds
  4 quokkas
  8 ball pythons
  4 rats
63 creatures vanquished.

Notes
Turn   | Place    | Note
-------+----------+-------------------------------------------
     0 | D:1      | Demosthentine the Merfolk Gladiator began the quest for the
                  | Orb.
     0 | D:1      | Reached XP level 1. HP: 16/16 MP: 1/1
    60 | D:1      | Reached XP level 2. HP: 23/23 MP: 2/2
   538 | D:1      | Reached XP level 3. HP: 28/28 MP: 3/3
  1086 | D:1      | Reached skill level 5 in Polearms
  1250 | D:1      | Reached skill level 1 in Armour
  1695 | D:2      | Found a hide-covered altar of Uskayaw.
  1705 | D:2      | Reached XP level 4. HP: 28/34 MP: 4/4
  1923 | D:2      | Found a faded altar of an unknown god.
  2398 | D:2      | Reached skill level 5 in Dodging
  2403 | D:2      | Reached XP level 5. HP: 36/41 MP: 5/5
  2582 | D:3      | Found a transporter.
  2585 | D:3      | Found a hazy altar of Hepliaklqana.
  2587 | D:3      | Found a transporter.
  2589 | D:3      | Noticed Natasha
  2591 | D:3      | You fall into a shaft and drop 2 floors!
  2591 | D:5      | Entered Level 5 of the Dungeon
  2606 | D:4      | Slain by a gnoll sergeant

Illustrated notes

Levels and vault maps discovered:
D:1:      evilmike_arrival_plus, layout_basic, chequers_garden,
          minmay_fountain_box
D:2:      layout_loops_ring, basic_altar, shapermc_ecumenical_altar_mp_vishouse,
          bh_walls_and_bars
D:3:      layout_loops_cross, jmf_multi_god_temple,
          gammafunk_temple_overflow_arena, uniq_terence, uniq_natasha
D:4:      layout_cave_pods, good_gods_temple_1, serial_park_tiny_2,
          dk_vineyard_1, minmay_rat_hole, uniq_robin
D:5:      layout_loops_ring, uniq_menkaure, uniq_duvessa

Skill      XL: |  1  2  3  4 |
---------------+-------------+-----
Polearms       | 5 |  5.4
Armour         | 1 |  1.4
Fighting       | 3 |  3.2
Dodging        | 5 |  5.1
Throwing       | |  2.0
Shields        | |  0.8

Action                   |  1- 3 |  4- 6 || total
-------------------------+-------+-------++-------
Melee: Trident           |   111 |    68 ||   179
  Use: Scroll            |     1 |     1 ||     2
       Potion            |       |     2 ||     2
 Stab: Sleeping          |     4 |       ||     4
Armor: Leather armour    |    22 |     7 ||    29
Dodge: Dodged            |    64 |    44 ||   108

Table legend: (Time is in decaauts)
 A = Elapsed time spent in this place.
 B = Non-inter-level travel time spent in this place.
 C = Inter-level travel time spent in this place.
 D = Time resting spent in this place.
 E = Time spent auto-exploring this place.
 F = Levels seen in this place.
 G = Mean time per level.
                   A        B        C        D        E       F      G
               +--------+--------+--------+--------+--------+-----+--------+
         Total |   2613 |   2564 |     49 |      0 |   2206 |   5 |  522.6 |
       Dungeon |   2613 |   2564 |     49 |      0 |   2206 |   5 |  522.6 |
               +--------+--------+--------+--------+--------+-----+--------+

Top non-repeatable levels by time:
     D:1: 1545 daAuts
     D:2: 995 daAuts
     D:3: 57 daAuts
     D:5: 7 daAuts
     D:4: 6 daAuts
